 Dungeon Crawl Stone Soup version 0.21-a0-516-gaaff437 (webtiles) character file.

744 Starchild the Charmwright (level 7, -3/56 HPs)
             Began as a Gnoll Skald on Dec 3, 2017.
             Slain by an iguana (9 damage)
             ... on level 5 of the Dungeon.
             The game lasted 00:16:05 (4366 turns).

Starchild the Charmwright (Gnoll Skald)             Turns: 4366, Time: 00:16:07

Health: -3/56      AC: -8    Str: 16    XL:     7   Next: 76%
Magic:  9/15       EV: 17    Int: 17    God:
Gold:   211        SH:  4    Dex: 14    Spells: 6/17 levels left

rFire    + . .     SeeInvis .   a - +0 falchion
rCold    . . .     Gourm    .   r - +0 buckler
rNeg     . . .     Faith    .   b - +0 leather armour
rPois    .         Spirit   .   (no helmet)
rElec    +         Reflect  .   (no cloak)
rCorr    .         Harm     .   (no gloves)
MR       .....                  (no boots)
Stlth    ++........             (no amulet)
HPRegen  1.18/turn              h - +3 ring of evasion
MPRegen  0.14/turn              x - ring of Summer {rElec rF+ Int+2}

@: singing, corroded, regenerating
A: distributed training, fangs 1, strong nose
a: no special abilities


You were on level 5 of the Dungeon.
You were not hungry.

You visited 1 branch of the dungeon, and saw 6 of its levels.

You collected 211 gold pieces.

Inventory:

Hand Weapons
 a - a +0 falchion (weapon)
Missiles
 q - 95 arrows
 s - 22 bolts
 t - 2 throwing nets (quivered)
 v - 167 stones
Armour
 b - a +0 leather armour (worn)
 r - a +0 buckler (worn)
Jewellery
 h - a +3 ring of evasion (left hand)
 x - the ring of Summer (right hand) {rElec rF+ Int+2}
   (You found it on level 5 of the Dungeon)

   [ring of protection from fire]

   It affects your intelligence (+2).
   It protects you from fire.
   It insulates you from electricity.
 y - a +3 ring of strength
Scrolls
 e - 2 scrolls of blinking
 g - a scroll of identify
 i - a scroll of immolation {unknown}
 l - a scroll of teleportation {unknown}
 m - a scroll of enchant weapon {unknown}
 o - a scroll of fog {unknown}
 u - 3 scrolls of remove curse
 B - a scroll of magic mapping {unknown}
Potions
 f - a potion of heal wounds
 n - 2 potions of lignification
 p - a potion of flight
 w - 2 potions of curing {unknown}
 z - a potion of might {unknown}
 A - a potion of agility {unknown}
Books
 c - a book of Battle

   Spells                             Type                      Level
   a - Infusion                       Charms                       1
   b - Shroud of Golubria             Charms/Translocation         2
   c - Song of Slaying                Charms                       2
   d - Spectral Weapon                Hexes/Charms                 3
   e - Regeneration                   Charms/Necromancy            3
Comestibles
 d - 5 bread rations
 j - 3 meat rations
 k - 3 royal jellies


   Skills:
 + Level 5.3 Fighting
 + Level 2.6 Short Blades
 + Level 5.3 Long Blades
 + Level 2.6 Axes
 + Level 2.6 Maces & Flails
 + Level 2.6 Polearms
 + Level 2.6 Staves
 + Level 2.6 Slings
 + Level 2.6 Bows
 + Level 2.6 Crossbows
 + Level 2.6 Throwing
 + Level 3.7 Armour
 + Level 5.3 Dodging
 + Level 2.6 Stealth
 + Level 2.6 Shields
 + Level 2.6 Unarmed Combat
 + Level 5.7 Spellcasting
 + Level 2.1 Conjurations
 + Level 2.1 Hexes
 + Level 5.9 Charms
 + Level 2.1 Summonings
 + Level 2.1 Necromancy
 + Level 2.1 Translocations
 + Level 2.1 Transmutations
 + Level 2.1 Fire Magic
 + Level 2.1 Ice Magic
 + Level 2.1 Air Magic
 + Level 2.1 Earth Magic
 + Level 2.1 Poison Magic
 + Level 2.9 Invocations
 + Level 2.6 Evocations


You had 6 spell levels left.
You knew the following spells:

 Your Spells              Type           Power        Failure   Level  Hunger
a - Infusion              Chrm           ###.         1%          1    None
b - Song of Slaying       Chrm           ###.....     2%          2    #......
c - Shroud of Golubria    Chrm/Tloc      ###.......   5%          2    #......
d - Regeneration          Chrm/Necr      ###.......   11%         3    ##.....
e - Spectral Weapon       Hex/Chrm       ###.....     11%         3    ##.....


Dungeon Overview and Level Annotations

Branches:
Dungeon (6/15)
 Temple: D:4-7

Altars:
Gozag
Nemelex Xobeh

Shops:
D:5 ([%=[


Innate Abilities, Weirdness & Mutations

Your experience applies equally to all skills.
You have very sharp teeth.
Your uncanny sense of smell can sniff out nearby items.


Message History

You hit the jelly but do no damage. The acid corrodes you!
Your hands burn!
* * * LOW HITPOINT WARNING * * *
The jelly is severely wounded.
The bullfrog completely misses you. The jelly misses you.
You block the iguana's attack. The bullfrog barely misses you.
Okay, then.
Casting: Song of Slaying
Confirm with . or Enter, or press ? or * to list all spells.
Your skin crawls.
The bullfrog barely misses you. The iguana closely misses you.
The jelly completely misses you.
You riposte.
You hit the jelly but do no damage. You bite the jelly, but do no damage.
The jelly is severely wounded.
Casting: Regeneration
Confirm with . or Enter, or press ? or * to list all spells.
You draw out your weapon's spirit!
The bullfrog hits you!
* * * LOW HITPOINT WARNING * * *
The jelly closely misses you. The bullfrog hits you.
* * * LOW HITPOINT WARNING * * *
The iguana bites you!
You die...

#.................#
##................#
#................#
#...............##
#...............#
##..............#
#..............#
#......J......##
##.....F@(....#
#......l....## ##
##..........# ####
.##########.........##
#>.# ....................#
##.##
.............[.....####..#
###.#########[..∩..###..##
#.....#.## #.....###..##
#.♣.♣.#..## ##....###.##


You could see a bullfrog, an iguana, a jelly and a friendly spectral falchion.

Vanquished Creatures
  2 ogres (D:4)
  A centaur (D:5)
  A crimson imp (D:5)
  An orc priest (D:4)
  A centaur skeleton (D:5)
  3 hounds
  An orc wizard (D:3)
  2 jellies (D:5)
  Natasha (twice) (D:4)
  A worker ant (D:5)
  2 hound skeletons
  4 gnolls (D:4)
  2 adders
  A worm (D:3)
  2 leopard geckos
  11 orcs
  6 giant cockroaches
  4 goblins
  3 hobgoblins
  3 kobolds
  2 quokkas
  A ball python (D:2)
  4 bats
  4 frilled lizards
  5 rats
69 creatures vanquished.

Notes
Turn   | Place    | Note
-------+----------+-------------------------------------------
     0 | D:1      | Starchild the Gnoll Skald began the quest for the Orb.
     0 | D:1      | Reached XP level 1. HP: 20/20 MP: 6/6
   225 | D:1      | Reached XP level 2. HP: 25/26 MP: 7/7
   676 | D:1      | Learned a level 2 spell: Song of Slaying
   679 | D:1      | Learned a level 2 spell: Shroud of Golubria
   736 | D:2      | Found an opulent altar of Gozag.
   737 | D:2      | Found a sparkling altar of Nemelex Xobeh.
  1357 | D:2      | Reached skill level 5 in Spellcasting
  1357 | D:2      | Reached XP level 3. HP: 25/31 MP: 4/9
  1589 | D:2      | Learned a level 3 spell: Regeneration
  1593 | D:2      | Learned a level 3 spell: Spectral Weapon
  1678 | D:3      | Reached skill level 1 in Invocations
  1946 | D:3      | Reached skill level 1 in Short Blades
  1946 | D:3      | Reached skill level 1 in Axes
  1946 | D:3      | Reached skill level 1 in Maces & Flails
  1946 | D:3      | Reached skill level 1 in Polearms
  1946 | D:3      | Reached skill level 1 in Staves
  1946 | D:3      | Reached skill level 1 in Slings
  1946 | D:3      | Reached skill level 1 in Bows
  1946 | D:3      | Reached skill level 1 in Crossbows
  1946 | D:3      | Reached skill level 1 in Throwing
  1946 | D:3      | Reached skill level 1 in Stealth
  1946 | D:3      | Reached skill level 1 in Shields
  1946 | D:3      | Reached skill level 1 in Unarmed Combat
  1946 | D:3      | Reached skill level 1 in Evocations
  2123 | D:3      | Reached XP level 4. HP: 31/38 MP: 11/11
  2142 | D:3      | Reached skill level 1 in Conjurations
  2142 | D:3      | Reached skill level 1 in Hexes
  2142 | D:3      | Reached skill level 1 in Summonings
  2142 | D:3      | Reached skill level 1 in Necromancy
  2142 | D:3      | Reached skill level 1 in Translocations
  2142 | D:3      | Reached skill level 1 in Transmutations
  2142 | D:3      | Reached skill level 1 in Fire Magic
  2142 | D:3      | Reached skill level 1 in Ice Magic
  2142 | D:3      | Reached skill level 1 in Air Magic
  2142 | D:3      | Reached skill level 1 in Earth Magic
  2142 | D:3      | Reached skill level 1 in Poison Magic
  2384 | D:4      | Noticed an ogre
  2406 | D:4      | Killed an ogre
  2406 | D:4      | Reached XP level 5. HP: 36/43 MP: 3/12
  2415 | D:4      | Reached XP level 6. HP: 33/50 MP: 1/13
  2768 | D:4      | Reached skill level 5 in Fighting
  2768 | D:4      | Reached skill level 5 in Long Blades
  2768 | D:4      | Reached skill level 5 in Dodging
  2924 | D:4      | Noticed Natasha
  2930 | D:4      | Killed Natasha
  2930 | D:4      | Reached XP level 7. HP: 56/56 MP: 15/15
  3074 | D:4      | Noticed Natasha
  3081 | D:4      | Killed Natasha
  3134 | D:5      | Entered Level 5 of the Dungeon
  3199 | D:5      | Got a brightly glowing iron ring
  3200 | D:5      | Identified the ring of Summer {rElec rF+ Int+2} (You found it on level 5 of the Dungeon)
  3254 | D:5      | Found Pubbai's Jewellery Shop.
  3288 | D:5      | Found Otacvu's Antique Armour Shop.
  3393 | D:5      | Found Bekemoaq's Antique Armour Boutique.
  3706 | D:5      | Found Qewkiebb's Food Boutique.
  3767 | D:5      | Found Car Pem's Weapon Shoppe.
  4366 | D:5      | Slain by an iguana

Vault maps used:
D:1:      minmay_arrival_stone_box
D:2:      grunt_temple_overflow_opulence
D:3:      first_bread
D:4:      uniq_natasha
D:5:      serial_shops, kennysheep_little_box, shop, shop, nicolae_shop_crystal,
          shop
D:6:      gammafunk_temple_overflow_forgotten, interstate_on_off, st_stairs_8,
          uniq_pikel

Skill      XL: |  1  2  3  4  5  6  7 |
---------------+----------------------+-----
Spellcasting   | 5 |  5.7
Invocations    | 1 2 |  2.9
Short Blades   | 1 2 |  2.6
Axes           | 1 2 |  2.6
Maces & Flails | 1 2 |  2.6
Polearms       | 1 2 |  2.6
Staves         | 1 2 |  2.6
Slings         | 1 2 |  2.6
Bows           | 1 2 |  2.6
Crossbows      | 1 2 |  2.6
Throwing       | 1 2 |  2.6
Stealth        | 1 2 |  2.6
Shields        | 1 2 |  2.6
Unarmed Combat | 1 2 |  2.6
Evocations     | 1 2 |  2.6
Conjurations   | 1 2 |  2.1
Hexes          | 1 2 |  2.1
Summonings     | 1 2 |  2.1
Necromancy     | 1 2 |  2.1
Translocations | 1 2 |  2.1
Transmutations | 1 2 |  2.1
Fire Magic     | 1 2 |  2.1
Ice Magic      | 1 2 |  2.1
Air Magic      | 1 2 |  2.1
Earth Magic    | 1 2 |  2.1
Poison Magic   | 1 2 |  2.1
Armour         | 3 |  3.7
Fighting       | 5 |  5.3
Long Blades    | 5 |  5.3
Dodging        | 5 |  5.3
Charms         | |  5.9

Action                   |  1- 3 |  4- 6 |  7- 9 || total
-------------------------+-------+-------+-------++-------
Melee: Falchion          |    87 |   104 |    88 ||   279
       Bite              |    15 |    16 |    20 ||    51
 Cast: Infusion          |     1 |     2 |       ||     3
       Song of Slaying   |       |     2 |     1 ||     3
       Regeneration      |       |     2 |     2 ||     4
       Spectral Weapon   |       |       |     1 ||     1
  Use: Scroll            |       |       |     8 ||     8
 Stab: Sleeping          |     1 |       |     1 ||     2
  Eat: Chunk             |     3 |     4 |     2 ||     9
       Bread ration      |       |       |     1 ||     1
Armor: Leather armour    |    15 |    17 |    11 ||    43
Dodge: Dodged            |    51 |    69 |    84 ||   204
Block: Buckler           |     4 |    15 |    26 ||    45
       Rpst.: Falchion   |    11 |    27 |    30 ||    68

Table legend:
 A = Spawn XP
 B = Non-spawn XP
 C = Spawn XP percentage of total XP
 D = Spawn monster count
 E = Non-spawn monster count
 F = Spawn count percentage of total count
 G = Total turns spent on level
                    A         B        C        D         E        F      G
               +---------+---------+-------+---------+---------+-------+---------
         Total |       0 |    1063 |   0.0 |       0 |      69 |   0.0 |  4366
               +---------+---------+-------+---------+---------+-------+---------
           D:1 |       0 |      21 |   0.0 |       0 |      12 |   0.0 |   696
           D:2 |       0 |      26 |   0.0 |       0 |      10 |   0.0 |   960
           D:3 |       0 |      91 |   0.0 |       0 |      17 |   0.0 |   702
           D:4 |       0 |     534 |   0.0 |       0 |      20 |   0.0 |   776
           D:5 |       0 |     388 |   0.0 |       0 |       9 |   0.0 |  1219
           D:6 |       0 |       3 |   0.0 |       0 |       1 |   0.0 |    13
               +---------+---------+-------+---------+---------+-------+---------
